 Dungeon Crawl Stone Soup version 0.20.0-6-gd3061e9 (webtiles) character file.

5074 Monsterracer the Basher (level 10, -4/67 HPs)
             Began as a Gargoyle Fighter on May 28, 2017.
             Was a Follower of the Shining One.
             Slain by Snorg (21 damage)
             ... on level 10 of the Dungeon.
             The game lasted 00:26:28 (10311 turns).

Monsterracer the Basher (Gargoyle Fighter)         Turns: 10311, Time: 00:26:29

Health: -4/67      AC: 27    Str: 18    XL:     10   Next: 56%
Magic:  11/11      EV:  7    Int: 13    God:    the Shining One [*.....]
Gold:   540        SH: 10    Dex: 12    Spells: 8/9 levels left

rFire    + . .     SeeInvis .   u - +2 flail (protect)
rCold    . . .     Gourm    .   c - +0 shield
rNeg     + + .     Faith    .   i - +0 chain mail
rPois    ∞         Spirit   .   l - +1 helmet
rElec    +         Reflect  .   (no cloak)
rCorr    .         Harm     .   n - +0 pair of gloves
MR       +....                  (no boots)
Stlth    ..........             y - amulet of rage
Regen    0.3/turn               p - +4 ring of slaying
MPRegen  0.2/turn               m - ring of the Median {rF+ rN+ MR+ Int+4}

@: protection aura, glowing
A: hooves 1, negative energy resistance 1, robust 1, electricity resistance,
weak 1, unbreathing, petrification resistance, rot immunity, AC +7
a: Renounce Religion, Evoke Berserk Rage


You were on level 10 of the Dungeon.
You worshipped the Shining One.
The Shining One was aware of your devotion.
You were not hungry.

You visited 2 branches of the dungeon, and saw 11 of its levels.
You also visited: Bailey.

You collected 540 gold pieces.

Inventory:

Hand Weapons
 u - a +2 flail of protection (weapon)
 v - a +0 morningstar
Armour
 c - a +0 shield (worn)
 i - a +0 chain mail (worn)
 l - a +1 helmet (worn)
 n - a +0 pair of gloves (worn)
Jewellery
 m - the ring of the Median (right hand) {rF+ rN+ MR+ Int+4}
   (You found it on level 4 of the Dungeon)

   [ring of protection from fire]

   It affects your intelligence (+4).
   It protects you from fire.
   It protects you from negative energy.
   It affects your resistance to hostile enchantments.
 p - a +4 ring of slaying (left hand)
 y - an amulet of rage (around neck)
Wands
 s - a wand of acid (0/15)
 z - a wand of flame (8/48)
 B - a wand of flame (31/48)
Scrolls
 b - 3 scrolls of remove curse
 e - a scroll of recharging
 g - 3 scrolls of amnesia
 o - a scroll of blinking
 r - 2 scrolls of teleportation
 t - 6 scrolls of identify
Potions
 a - a potion of might
 j - 3 potions of brilliance
 q - 3 potions of flight
 x - 2 potions of curing
Comestibles
 d - 10 chunks of flesh
 f - 10 bread rations
 h - 8 meat rations
 k - 7 royal jellies


   Skills:
 + Level 6.5 Fighting
 * Level 11.2 Maces & Flails
 + Level 6.4 Armour
 + Level 3.8 Dodging
 + Level 6.7 Shields
 - Level 2.1 Invocations


You had 8 spell levels left.
You knew the following spells:

 Your Spells              Type           Power        Failure   Level  Hunger
a - Apportation           Tloc           #.....       100%        1    ##.....


Dungeon Overview and Level Annotations

Branches:
Dungeon (10/15)            Temple (1/1) D:6
   Lair: D:8-11         Orc: D:9-12

Altars:
Ashenzari
Cheibriados
Dithmenos
Elyvilon
Fedhas
Gozag
Hepliaklqana
Kikubaaqudgha
Makhleb
Nemelex Xobeh
Okawaru
Qazlal
Ru
Sif Muna
Trog
Uskayaw
Vehumet
Xom
Yredelemnul
Zin
The Shining One

Annotations:
D:10 Snorg


Innate Abilities, Weirdness & Mutations

You are resistant to torment.
Your stone body is resilient. (AC +7)
You are immune to poison.
You resist negative energy. (rN+)
You are resistant to electric shocks. (rElec)
You can survive without breathing.
You are immune to petrification.
You are immune to rotting.
You have large cloven feet.
You are robust. (+10% HP)
You are weak. (Str -2)


Message History

Snorg claws you but does no damage.
You are too injured to fight recklessly!
You are too injured to fight recklessly!
You thump Snorg! You kick Snorg.
Snorg is almost dead.
Snorg bites you!
* * * LOW HITPOINT WARNING * * *
Snorg claws you but does no damage. Snorg claws you!
* * * LOW HITPOINT WARNING * * *
You thump Snorg! Your kick misses Snorg.
Snorg is almost dead.
You block Snorg's attack. Snorg claws you.
* * * LOW HITPOINT WARNING * * *
Snorg closely misses you.
You sock Snorg!
Snorg is almost dead.
You block Snorg's attack. Snorg claws you.
* * * LOW HITPOINT WARNING * * *
You block Snorg's attack. Snorg bites you!!
You die...

####### #.....#
#.....# #.....#
######.....####
...........'..#
######.....##.########
########...@T...#
##.#####.# #.# #.# ...
... ###.# ..


You could see Snorg (berserk).

Vanquished Creatures
  A two-headed ogre (D:8)
  The ghost of itsmu the Frost Mage, a novice MfIE of Okawaru (D:9)
  A hungry ghost (D:8)
  Edmund (D:6)
  2 water moccasins
  2 sky beasts (D:6)
  3 black bears
  An orc warrior (D:10)
  3 ice beasts
  3 ogres
  2 centaurs
  Blork the orc (D:4)
  2 bullfrogs
  A wyvern zombie (D:8)
  2 scorpions
  8 wights
  3 electric eels (D:6)
  2 crimson imps
  3 jellies
  A quasit (D:9)
  A centaur zombie (D:5)
  6 orc priests
  4 hounds
  A bullfrog skeleton (D:10)
  Jessica (D:4)
  10 worker ants
  5 iguanas
  2 orc wizards
  2 hound zombies (D:8)
  9 gnolls
  12 adders
  A shadow imp (D:7)
  An ooze (D:2)
  5 worms
  3 dart slugs
  9 leopard geckos
  19 orcs
  A ball python (D:1)
  7 bats
  4 giant cockroaches
  9 goblins
  8 hobgoblins
  19 jackals
  9 kobolds
  6 quokkas
  4 frilled lizards
  A jackal skeleton (D:5)
  A jackal zombie (D:5)
  A leopard gecko skeleton (D:5)
  A quokka zombie (D:6)
  6 rats
211 creatures vanquished.

Notes
Turn   | Place    | Note
-------+----------+-------------------------------------------
     0 | D:1      | Monsterracer the Gargoyle Fighter began the quest for the Orb.
     0 | D:1      | Reached XP level 1. HP: 14/14 MP: 1/1
    69 | D:1      | Reached XP level 2. HP: 11/19 MP: 2/2
   464 | D:1      | Reached skill level 3 in Maces & Flails
   723 | D:1      | Reached XP level 3. HP: 23/23 MP: 3/3
  1053 | D:2      | Found a bloodstained altar of Trog.
  1622 | D:2      | Reached skill level 4 in Maces & Flails
  1634 | D:2      | Reached XP level 4. HP: 25/28 MP: 4/4
  2079 | D:2      | Reached skill level 5 in Maces & Flails
  2079 | D:2      | Reached XP level 5. HP: 31/32 MP: 5/5
  2307 | D:3      | Learned a level 1 spell: Apportation
  2652 | D:3      | Reached skill level 6 in Maces & Flails
  2652 | D:3      | Reached XP level 6. HP: 32/37 MP: 6/6
  3667 | D:4      | Reached skill level 7 in Maces & Flails
  3692 | D:4      | Reached XP level 7. HP: 41/41 MP: 7/7
  3713 | D:4      | Noticed Blork the orc
  3729 | D:4      | Killed Blork the orc
  3804 | D:4      | Got a pitted ivory ring
  3805 | D:4      | Identified the ring of the Median {rF+ rN+ MR+ Int+4} (You found it on level 4 of the Dungeon)
  3880 | D:4      | Found a sparkling altar of Nemelex Xobeh.
  3880 | D:4      | Noticed Jessica
  3887 | D:4      | Killed Jessica
  3930 | D:4      | Reached skill level 8 in Maces & Flails
  4056 | D:5      | Entered Level 5 of the Dungeon
  4558 | D:5      | Reached skill level 9 in Maces & Flails
  4558 | D:5      | Reached XP level 8. HP: 46/46 MP: 8/8
  4872 | D:5      | Found an iron altar of Okawaru.
  5076 | D:6      | Reached skill level 1 in Dodging
  5145 | D:6      | Found a transporter.
  5551 | D:6      | Found a transporter.
  5556 | D:6      | Noticed Edmund
  5567 | D:6      | Killed Edmund
  5567 | D:6      | Reached XP level 9. HP: 52/52 MP: 9/9
  5600 | D:6      | Reached skill level 10 in Maces & Flails
  5671 | D:6      | Learned a level 1 spell: Apportation
  5672 | D:6      | Gained mutation: You have large cloven feet. [potion of mutation]
  5672 | D:6      | Gained mutation: You are weak. (Str -2) [potion of mutation]
  5672 | D:6      | Gained mutation: You are robust. (+10% HP) [potion of mutation]
  5695 | D:6      | Reached skill level 5 in Fighting
  5943 | D:6      | Found a staircase to the Ecumenical Temple.
  6000 | Temple   | Entered the Ecumenical Temple
  6010 | Temple   | Became a worshipper of the Shining One
  6229 | D:7      | Reached skill level 5 in Shields
  6725 | D:7      | Found a flagged portal.
  6734 | Bailey   | Entered a bailey
  7189 | D:8      | Reached skill level 5 in Armour
  7590 | D:8      | Reached skill level 1 in Invocations
  7663 | D:8      | Noticed a two-headed ogre
  7675 | D:8      | Killed a two-headed ogre
  7685 | D:8      | Reached XP level 10. HP: 14/66 MP: 11/11
  8417 | D:6      | Reached * piety under the Shining One
  8975 | D:9      | Noticed itsmu's ghost (novice MfIE)
  9002 | D:9      | Killed itsmu's ghost
  9002 | D:9      | Reached skill level 11 in Maces & Flails
  9980 | D:10     | Entered Level 10 of the Dungeon
 10301 | D:10     | Noticed Snorg
 10311 | D:10     | Slain by Snorg

Skill      XL: |  1  2  3  4  5  6  7  8  9 10 |
---------------+-------------------------------+-----
Maces & Flails | 3 4 5 6 7 9 10 11 | 11.2
Dodging        | 2 3 |  3.8
Fighting       | 4 5 6 |  6.5
Armour         | 4 5 6 |  6.4
Shields        | 4 5 6 |  6.7
Invocations    | 2 |  2.1

Action                   |  1- 3 |  4- 6 |  7- 9 | 10-12 || total
-------------------------+-------+-------+-------+-------++-------
Melee: Flail             |   174 |   259 |   359 |   126 ||   918
       Kick              |       |       |    27 |    33 ||    60
Evoke: Wand              |       |       |       |     2 ||     2
  Use: Potion            |     2 |     3 |     4 |     1 ||    10
       Scroll            |       |     4 |     6 |       ||    10
  Eat: Chunk             |     3 |     7 |    13 |    10 ||    33
Armor: Scale mail        |    17 |       |       |       ||    17
       Chain mail        |   140 |   169 |   173 |    68 ||   550
Dodge: Dodged            |    47 |    50 |    78 |    32 ||   207
Block: Shield            |   110 |   123 |   138 |    73 ||   444
